 Dungeon Crawl Stone Soup version 0.29.1-1-gd02db6906a (webtiles) character file.

Game seed: 9843649505690067263

12801 RogueRain17 the Destroyer (level 11, 0/86 HPs)
             Began as a Demigod Conjurer on Sept 27, 2022.
             Slain by a death yak (5 damage)
             ... in an ice cave.
             The game lasted 00:54:43 (17744 turns).

RogueRain17 the Destroyer (Demigod Conjurer)       Turns: 17744, Time: 00:54:43

Health: 0/86       AC:  6    Str:  8    XL:     11   Next: 40%
Magic:  19/30      EV: 27    Int: 32    God:
Gold:   391        SH:  0    Dex: 12    Spells: 4/18 levels left

rFire   . . .      SeeInvis .   N - staff of earth
rCold   . . .      Faith    .   (no shield)
rNeg    . . .      Spirit   .   C - +0 steam dragon scales
rPois   .          Reflect  .   (no helmet)
rElec   .          Harm     .   v - scarf {+Inv}
rCorr   .          Rampage  .   (no gloves)
Will    +....                   s - +0 pair of boots
Stlth   ++........              q - amulet of the acrobat
HPRegen 0.24/turn               j - ring of wizardry
MPRegen 0.22/turn               h - ring of magical power

@: about to teleport, acrobatic
A: high MP 1, forlorn, divine attributes
a: Evoke Invisibility


You were in an ice cave.
You visited 1 branch of the dungeon, and saw 11 of its levels.
You also visited: Ice Cave.

You collected 599 gold pieces.
You spent 208 gold pieces at shops.

Inventory:

Hand Weapons
 O - the +9 sling of Foolhardiness {freeze, *Slow rElec Int+5}
   (You found it on level 10 of the Dungeon)

   Any ammunition fired from it freezes those it strikes, dealing additional
   cold damage.
   It can also slow down cold-blooded creatures.
   Int:       It affects your intelligence (+5).
   rElec:     It insulates you from electricity.
   *Slow:     It may slow you when you take damage.
Missiles
 d - 2 throwing nets
Armour
 a - a +1 robe
 o - a +0 troll leather armour
 s - a +0 pair of boots (worn)
 v - a scarf of invisibility (worn)
 x - a +2 pair of boots
 B - a +1 ring mail of willpower
 C - +0 steam dragon scales (worn)
Magical Staves
 N - a staff of earth (weapon)
Jewellery
 b - a ring of protection from fire
 h - a ring of magical power (right hand)
 j - a ring of wizardry (left hand)
 q - an amulet of the acrobat (around neck)
 u - a +6 ring of dexterity
 w - a ring of poison resistance
 J - a ring of magical power
 K - a ring of wizardry
Wands
 f - a wand of mindburst (6)
 F - a wand of flame (22)
 Q - a wand of iceblast (4)
Scrolls
 c - 2 scrolls of amnesia
 g - a scroll of silence
 i - 4 scrolls of fog
 l - 3 scrolls of brand weapon
 n - a scroll of identify
 r - a scroll of poison
 E - a scroll of vulnerability
 G - 2 scrolls of noise
 H - a scroll of teleportation
Potions
 e - 2 potions of curing
 k - a potion of brilliance
 m - 2 potions of mutation
 p - a potion of attraction
 D - 2 potions of degeneration {unknown}
 I - 3 potions of haste {unknown}
 L - a potion of flight {unknown}
 M - 2 potions of resistance {unknown}
 P - 3 potions of might {unknown}


   Skills:
 - Level 5.0 Fighting
 - Level 1.7 Dodging
 - Level 1.7 Stealth
 + Level 4.4 Spellcasting
 - Level 12.0 Conjurations
 + Level 8.5 Necromancy
 - Level 7.0 Translocations


You had 4 spell levels left.
You knew the following spells:

 Your Spells              Type           Power      Damage    Failure   Level
a - Magic Dart            Conj           100%       1d8       1%          1
b - Sublimation of Blood  Necr           58%        N/A       1%          2
c - Searing Ray           Conj           100%       2d8       1%          2
d - Iskenderun's Mystic   Conj/Tloc      62%        2d13      1%          4
e - Stone Arrow           Conj/Erth      100%       3d13      1%          3
f - Passwall              Tmut/Erth      8%         N/A       3%          2

Your spell library contained the following spells:

 Spells                   Type           Power      Damage    Failure   Level
 Dazzling Flash           Conj/Hex       90%        N/A       1%          3
 Mephitic Cloud           Conj/Pois/Air  32%        N/A       1%          3
 Fulminant Prism          Conj/Hex       22%        3d13      1%          4
 Sandblast                Erth           20%        2d7       2%          1
 Call Imp                 Summ           7%         N/A       3%          2
 Wereblood                Tmut           7%         N/A       3%          2
 Inner Flame              Hex/Fire       7%         N/A       6%          3
 Cause Fear               Hex            3%         N/A       21%         4
 Summon Hydra             Summ           3%         N/A       100%        7
 Discord                  Hex            3%         N/A       100%        8


Dungeon Overview and Level Annotations

Branches:
Dungeon (11/15)            Temple (0/1) D:6            Lair (0/5) D:11
    Orc (0/2) D:11          IceCv (1/1)

Shops:
D:3 [

Annotations:
D:4 2 transporters, safid's ghost, novice MiHu
D:6 2 runed translucent doors, Edmund; Iusername's ghost, novice MiFi; Maggie
D:7 Dowan; Duvessa IceCv exclusion: ice statue


Innate Abilities, Weirdness & Mutations

You have an increased reservoir of magic. (+10% MP)
You shall have no god before yourself.
Your divine heritage dramatically boosts your attributes as you level up.


Message History

The polar bear bites you!
The polar bear claws you but does no damage.
The polar bear misses you.
You see here a death yak skeleton.
You enter the shallow water.
Moving in this stuff is going to be slow.
The death yak barely misses you. The death yak attacks as you move away!
The death yak gores you!!
* * * LOW HITPOINT WARNING * * *
The death yak completely misses you. The death yak misses you.
Casting: Iskenderun's Mystic Blast (safe; 1% risk of failure)
Confirm with . or Enter, or press ? or * to list all spells.
You erupt in a blast of force!
The mystic blast hits the death yak!
The death yak is lightly wounded.
The death yak is knocked back by the mystic blast.
The death yak slams into the ice covered rock wall!
Casting: Iskenderun's Mystic Blast (safe; 1% risk of failure)
Confirm with . or Enter, or press ? or * to list all spells.
You erupt in a blast of force!
The mystic blast hits the polar bear!
The polar bear is moderately wounded.
The polar bear is knocked back by the mystic blast.
The polar bear slams into the ice covered rock wall!
The polar bear is moderately wounded.
The mystic blast hits the death yak!
The death yak is moderately wounded.
The death yak gores you!!
* * * LOW HITPOINT WARNING * * *
Casting: Iskenderun's Mystic Blast (safe; 1% risk of failure)
Confirm with . or Enter, or press ? or * to list all spells.
Okay, then.
Unknown command.
As you read the scroll of teleportation, it crumbles to dust.
You feel strangely unstable. The death yak closely misses you.
The death yak attacks as you move away! The death yak completely misses you.
Your surroundings seem slightly different.
As you read the scroll of teleportation, it crumbles to dust.
You feel strangely unstable. The death yak gores you.
You die...

#.....## ###..##
#...## ###..#
##...## #.§#
#..### ##..§§°§
##..# #....☼°§
##h.## ...§.§§§
#@Y### ...§..
##.~~#####..#####
####~~#≈~~##...##
##~~~~#~..##÷.
#~#~#~~.#####Y
#~#####....#..
####.....#..#.
#.⌠.####### #...#


You could see a death yak and a polar bear.

Vanquished Creatures
  2 two-headed ogres (D:10)
  2 death yaks (IceCv)
  A cyclops (D:10)
  An ugly thing (D:11)
  2 rime drakes (D:11)
  3 meliai (D:11)
  2 hornets
  A troll (D:11)
  4 polar bears (IceCv)
  11 yaks
  2 wyverns
  2 steam dragons (D:8)
  An acid dragon (D:10)
  3 orc warriors
  3 water moccasins
  2 ice beasts
  A black bear (D:5)
  A sky beast (D:7)
  12 wolves (IceCv)
  6 centaurs
  A phantom (D:5)
  2 kobold brigands
  2 bullfrogs
  13 wights
  12 killer bees
  A howler monkey (D:7)
  7 hounds
  A jelly (D:7)
  3 orc priests
  An iguana (D:4)
  13 orc wizards
  9 adders
  8 gnolls
  A shadow imp (D:5)
  A white imp (D:8)
  2 ufetubi
  A worm (D:2)
  4 dart slugs
  37 orcs
  10 endoplasms
  4 giant cockroaches
  5 goblins
  7 hobgoblins
  12 kobolds
  A quokka (D:2)
  7 ball pythons
  5 bats
  A frilled lizard (D:1)
  7 rats
240 creatures vanquished.

Vanquished Creatures (others)
  A white imp (D:8)
  3 plants (D:9)
4 creatures vanquished.

Grand Total: 244 creatures vanquished

Notes
Turn   | Place    | Note
-------+----------+-------------------------------------------
     0 | D:1      | RogueRain17 the Demigod Conjurer began the quest for the
                  | Orb.
     0 | D:1      | Reached XP level 1. HP: 14/14 MP: 5/5
   276 | D:1      | Reached skill level 4 in Conjurations
   419 | D:1      | Reached XP level 2. HP: 20/20 MP: 5/7
   542 | D:1      | Learned a level 2 spell: Sublimation of Blood
  1421 | D:2      | Reached XP level 3. HP: 20/26 MP: 0/8
  2040 | D:2      | Reached skill level 5 in Conjurations
  2801 | D:3      | Reached XP level 4. HP: 33/33 MP: 3/9
  3157 | D:3      | Reached skill level 6 in Conjurations
  3157 | D:3      | Reached XP level 5. HP: 27/38 MP: 5/10
  3448 | D:3      | Found Nelur's Armour Shoppe.
  4147 | D:4      | Found a transporter.
  4151 | D:4      | Noticed safid's ghost (novice MiHu)
  4156 | D:4      | Found a transporter.
  4330 | D:2      | Learned a level 2 spell: Searing Ray
  4645 | D:4      | Reached skill level 1 in Necromancy
  4980 | D:4      | Reached XP level 6. HP: 45/45 MP: 5/11
  5231 | D:4      | Reached skill level 7 in Conjurations
  5661 | D:5      | Entered Level 5 of the Dungeon
  6170 | D:5      | Reached XP level 7. HP: 50/50 MP: 0/12
  7127 | D:6      | Found a runed translucent door.
  7132 | D:6      | Noticed Iusername's ghost (novice MiFi)
  7158 | D:6      | Noticed Maggie
  7187 | D:6      | Found a runed translucent door.
  7257 | D:6      | Reached skill level 8 in Conjurations
  7328 | D:6      | HP: 2/49 [wight/+2 mace (12)]
  7333 | D:6      | Reached XP level 8. HP: 32/56 MP: 9/13
  7439 | D:6      | Reached skill level 5 in Necromancy
  7511 | D:6      | Noticed Edmund
  7641 | D:6      | Reached skill level 9 in Conjurations
  7693 | D:6      | Found a staircase to the Ecumenical Temple.
  8722 | D:7      | Noticed Duvessa
  8724 | D:7      | Noticed Dowan
  8972 | D:7      | Learned a level 4 spell: Iskenderun's Mystic Blast
  9035 | D:7      | Reached skill level 10 in Conjurations
  9971 | D:3      | Bought a +1 ring mail of willpower for 208 gold pieces
 10284 | D:8      | Reached skill level 1 in Translocations
 10514 | D:8      | Reached XP level 9. HP: 49/62 MP: 1/15
 11282 | D:9      | Reached skill level 11 in Conjurations
 12239 | D:9      | Reached skill level 5 in Translocations
 12851 | D:10     | Entered Level 10 of the Dungeon
 12851 | D:10     | Noticed a two-headed ogre
 13042 | D:10     | Reached XP level 10. HP: 44/69 MP: 7/16
 13170 | D:10     | Killed a two-headed ogre
 13171 | D:10     | Reached skill level 12 in Conjurations
 13575 | D:10     | Learned a level 3 spell: Stone Arrow
 13610 | D:10     | Identified the +9 sling of Foolhardiness {freeze, *Slow
                  | rElec Int+5}
 13633 | D:10     | Reached skill level 1 in Fighting
 13892 | D:10     | Noticed a two-headed ogre
 13902 | D:10     | Killed a two-headed ogre
 14602 | D:10     | Noticed a cyclops
 14613 | D:10     | Killed a cyclops
 14896 | D:11     | Noticed a boulder beetle
 15281 | D:11     | Found a staircase to the Orcish Mines.
 15289 | D:11     | Found a staircase to the Lair.
 15324 | D:11     | Noticed a red ugly thing
 15333 | D:11     | Killed a red ugly thing
 15484 | D:11     | Found a frozen archway.
 15523 | IceCv    | Entered an ice cave
 15584 | IceCv    | Reached XP level 11. HP: 36/85 MP: 3/17
 15928 | IceCv    | Reached skill level 5 in Fighting
 16948 | IceCv    | Learned a level 2 spell: Passwall
 17376 | IceCv    | Noticed a death yak
 17379 | IceCv    | Noticed a death yak
 17393 | IceCv    | Killed a death yak
 17402 | IceCv    | Killed a death yak
 17706 | IceCv    | Noticed a frost giant
 17706 | IceCv    | Noticed a death yak
 17739 | IceCv    | HP: 4/86 [death yak (23)]
 17744 | IceCv    | Slain by a death yak

Illustrated notes

Levels and vault maps discovered:
D:1:      scummos_arrival_hexagon, layout_loops_corners, basic_ecumenical_altar,
          nrook_uturn
D:2:      layout_loops_corners
D:3:      layout_basic, mainiacjoe_overflow_six_doors_small, serial_shops,
          nicolae_square_shop
D:4:      layout_basic, mainiacjoe_overflow_cross_hatched, tgw_xom,
          gammafunk_ghost_arena, kennysheep_generic_room_8
D:5:      layout_gridville, mainiacjoe_overflow_chevrons,
          mainiacjoe_overflow_alcove_2
D:6:      layout_layer_cave, minmay_temple_entry_tees, ebering_ghost_sewer_f,
          uniq_maggie, uniq_edmund
D:7:      layout_rooms, fedhas_altar_2, serial_curves, eino_curves_03,
          eino_curves_02, uniq_duvessa
D:8:      layout_loops_cross, mainiacjoe_overflow_24_doors,
          mainiacjoe_overflow_large_starburst
D:9:      layout_basic, mainiacjoe_overflow_surrounded_room,
          lemuel_crystal_altar, mainiacjoe_overflow_boulevard
D:10:     layout_roguey, kennysheep_orc_sif_temple, old_standard_altar,
          chequers_jeans
D:11:     minmay_inside_and_out, layout_loops_cross, lair_entry_dummy,
          orc_0_dummy, portal_ice_cave_rime, solitary_fountain
IceCv:    ice_cave_caverns_03

Skill      XL: |  1  2  3  4  5  6  7  8  9 10 11 |
---------------+----------------------------------+-----
Conjurations   | 4 5 6 7 8 10 11 12 | 12.0
Necromancy     | 1 3 4 5 7 8 |  8.5
Spellcasting   | 2 4 |  4.4
Translocations | 1 5 7 |  7.0
Fighting       | 4 5 |  5.0
Dodging        | |  1.7
Stealth        | |  1.7

Action                   |  1- 3 |  4- 6 |  7- 9 | 10-12 || total
-------------------------+-------+-------+-------+-------++-------
Melee: Unarmed           |       |    46 |    31 |     1 ||    78
       Punch             |       |     1 |     1 |       ||     2
       Staff             |       |       |       |     8 ||     8
 Fire: Sling             |       |       |       |     9 ||     9
 Cast: Magic Dart        |   102 |   182 |   124 |    28 ||   436
       Sublimation of Bl |       |    15 |    45 |     9 ||    69
       Searing Ray       |       |     7 |    33 |    14 ||    54
       Iskenderun's Myst |       |       |    47 |    58 ||   105
       Stone Arrow       |       |       |       |    25 ||    25
Evoke: Wand              |       |       |       |     2 ||     2
  Use: Scroll            |    10 |     1 |     2 |    11 ||    24
       Potion            |       |     3 |     2 |     9 ||    14
Armor: Robe              |       |     9 |       |       ||     9
       Troll leather arm |       |    17 |    28 |       ||    45
       Ring mail         |       |       |     3 |       ||     3
       Steam dragon scal |       |       |    13 |    20 ||    33
Dodge: Dodged            |     8 |    51 |   165 |    73 ||   297
